 Dungeon Crawl Stone Soup version 0.28.0-53-g5a82cb258f (webtiles) character file.

Game seed: 11339657691049741076

38 safid the Skirmisher (level 3, -5/33 HPs)
             Began as a Hill Orc Fighter on July 22, 2022.
             Killed from afar by Sigmund (7 damage)
             ... with a magic dart
             ... on level 2 of the Dungeon.
             The game lasted 00:01:19 (1318 turns).

safid the Skirmisher (Hill Orc Fighter)             Turns: 1318, Time: 00:01:19

Health: -5/33      AC:  8    Str: 20    XL:     3   Next: 43%
Magic:  3/3        EV:  9    Int:  8    God:
Gold:   58         SH:  4    Dex: 10    Spells: 2/2 levels left

rFire   . . .      SeeInvis .   a - +0 war axe
rCold   . . .      Faith    .   c - +0 buckler
rNeg    . . .      Spirit   .   b - +0 scale mail
rPois   .          Reflect  .   (no helmet)
rElec   .          Harm     .   (no cloak)
rCorr   .          Rampage  .   (no gloves)
Will    .....                   h - +0 pair of boots
Stlth   ..........              (no amulet)
HPRegen 0.11/turn               (no ring)
MPRegen 0.08/turn               (no ring)

@: mighty
A: no striking features
a: no special abilities


You were on level 2 of the Dungeon.
You visited 1 branch of the dungeon, and saw 2 of its levels.

You collected 58 gold pieces.

Inventory:

Hand Weapons
 a - a +0 war axe (weapon)
Armour
 b - a +0 scale mail (worn)
 c - a +0 buckler (worn)
 h - a +0 pair of boots (worn)
Jewellery
 k - the amulet "Kiaqon" {RegenMP Fragile rPois rN+++ Stlth+}
   (You found it on level 2 of the Dungeon)

   [amulet of magic regeneration]

   It increases your rate of magic regeneration.
   rPois:     It protects you from poison.
   rN:        It renders you almost immune to negative energy.
   Fragile:   It will be destroyed if unequipped.
   Stlth:     It makes you more stealthy.
Scrolls
 e - a scroll of silence {unknown}
 f - a scroll of vulnerability {unknown}
 i - a scroll of identify {unknown}
 m - a scroll of fog {unknown}
 n - a scroll of acquirement {unknown}
Potions
 g - a potion of resistance {unknown}
 j - a potion of flight {unknown}
 l - a potion of degeneration {unknown}


   Skills:
 - Level 4.0 Fighting
 + Level 3.4 Axes
 + Level 3.7 Armour
 + Level 3.7 Shields


You had 2 spell levels left.
You didn't know any spells.
Your spell library was empty.

Dungeon Overview and Level Annotations

Branches:
Dungeon (2/15)

Altars:

Annotations:
D:2 Sigmund


Message History

There is an open door here.
You feel very mighty all of a sudden. Sigmund gestures at you while chanting.
The magic dart hits you but does no damage.
You barely miss Sigmund. Sigmund hits you with a +0 scythe.
You barely miss Sigmund. Sigmund completely misses you.
You barely miss Sigmund.
Sigmund gestures wildly while chanting.
Sigmund flickers and vanishes!
Deactivating autopickup; reactivate with Ctrl-A.
You closely miss something. Something hits you.
You closely miss something. Something hits you.
You miss something. Something hits you!
* * * LOW HITPOINT WARNING * * *
You slash something!
You hear some strange, mumbled words.
You are confused.
You barely miss something. Something hits you.
* * * LOW HITPOINT WARNING * * *
You're too confused to move!
You hear some strange, mumbled words.
A puff of flame appears from out of thin air!
The puff of flame hits you but does no damage.
You bump into the rock wall.
Something hits you.
* * * LOW HITPOINT WARNING * * *
You barely miss something. Something hits you but does no damage.
You feel less confused. Something hits you but does no damage.
You block something's attack.
You barely miss something. Something hits you but does no damage.
You miss something. Something hits you.
* * * LOW HITPOINT WARNING * * *
You miss something. Something hits you but does no damage.
You barely miss something. Something hits you.
* * * LOW HITPOINT WARNING * * *
You completely miss something.
You hear some strange, mumbled words.
A magic dart appears from out of thin air!
The magic dart hits you!
You die...

##+## ##...## ##.....##
##.....$.## #.........#
+.........+ #.........# #.#
##.@.....## #.# ##{....##
#.# ##...## #.# ##'#######
#.# #.......# #.# #..####.#
#.# ##..# #.#
###.########...####.#####.#
#.........................#


There were no monsters in sight!

Vanquished Creatures
  An adder (D:2)
  A dart slug (D:1)
  2 bats (D:1)
  2 endoplasms
  A giant cockroach (D:1)
  3 hobgoblins (D:1)
  2 kobolds (D:1)
  2 quokkas
  4 ball pythons (D:1)
  A frilled lizard (D:1)
  2 goblins (D:1)
  6 rats (D:1)
27 creatures vanquished.

Notes
Turn   | Place    | Note
-------+----------+-------------------------------------------
     0 | D:1      | safid the Hill Orc Fighter began the quest for the Orb.
     0 | D:1      | Reached XP level 1. HP: 19/19 MP: 1/1
   229 | D:1      | Reached XP level 2. HP: 27/27 MP: 2/2
   545 | D:1      | Reached skill level 4 in Fighting
   772 | D:1      | Reached XP level 3. HP: 33/33 MP: 3/3
   986 | D:2      | Identified the amulet "Kiaqon" {RegenMP Fragile rPois rN+++
                  | Stlth+}
  1295 | D:2      | Noticed Sigmund
  1318 | D:2      | Killed from afar by Sigmund

Illustrated notes

Levels and vault maps discovered:
D:1:      lemuel_arrival_lava_pool, layout_loops_corners
D:2:      layout_loops_corners, shapermc_ecumenical_altar_gd, uniq_sigmund

Skill      XL: |  1  2 |
---------------+-------+-----
Axes           | 3 |  3.4
Fighting       | 4 |  4.0
Armour         | |  3.7
Shields        | |  3.7

Action                   || total
-------------------------++-------
Melee: War axe           ||    72
  Use: Potion            ||     1
Armor: Scale mail        ||    29
Dodge: Dodged            ||    25
Block: Buckler           ||    13
